 Dungeon Crawl Stone Soup version 0.22.0-13-g43fe8f24b8 (console) character file.

2520 Calamarain the Carver (level 9, 0/79 HPs)
             Began as a Minotaur Monk on Aug 16, 2018.
             Was an Elder of Wu Jian.
             Slain by a basilisk (12 damage)
             ... on level 8 of the Dungeon.
             The game lasted 00:17:19 (5972 turns).

Calamarain the Carver (Minotaur Monk)               Turns: 5972, Time: 00:17:20

Health: 0/79       AC: 12    Str: 19    XL:     9   Next: 29%
Magic:  10/10      EV: 10    Int:  7    God:    Wu Jian [****..]
Gold:   140        SH:  0    Dex: 13    Spells: 8/8 levels left

rFire    . . .     SeeInvis .   e - +2 short sword (speed)
rCold    . . .     Gourm    .   (no shield)
rNeg     . . .     Faith    .   B - +0 chain mail
rPois    .         Spirit   .   (helmet restricted)
rElec    .         Reflect  .   n - +0 cloak
rCorr    .         Harm     .   (no gloves)
MR       .....                  y - +0 pair of boots
Stlth    ..........             (no amulet)
HPRegen  0.23/turn              j - ring of stealth (curse)
MPRegen  0.12/turn              (no ring)

@: about to teleport
A: retaliatory headbutt, horns 2
a: Wall Jump, Serpent's Lash, Renounce Religion


You were on level 8 of the Dungeon.
You worshipped Wu Jian.
Wu Jian was greatly pleased with you.
You were not hungry.

You visited 2 branches of the dungeon, and saw 9 of its levels.

You collected 266 gold pieces.
You spent 126 gold pieces at shops.

Inventory:

Hand Weapons
 a - a +0 falchion
 e - a +2 short sword of speed (weapon)
Armour
 d - a +0 scale mail
 m - a scarf of cloud immunity
 n - a +0 cloak (worn)
 s - a +2 robe of fire resistance
 y - a +0 pair of boots (worn)
 B - a +0 chain mail (worn)
Jewellery
 j - a cursed ring of stealth (left hand)
Wands
 l - a wand of polymorph (8)
 A - a wand of digging (13)
Scrolls
 f - a scroll of enchant weapon {unknown}
 i - 2 scrolls of amnesia {unknown}
 k - 2 scrolls of teleportation
 r - a scroll of vulnerability {unknown}
 t - a scroll of random uselessness {unknown}
 u - 4 scrolls of remove curse
 v - a scroll of magic mapping
 w - 2 scrolls of enchant armour {unknown}
 x - a scroll of fog {unknown}
 z - a scroll of holy word {unknown}
Potions
 b - 5 potions of lignification
 g - a potion of mutation
 o - 2 potions of brilliance
 q - 2 potions of might
 C - a potion of berserk rage
Comestibles
 c - 7 rations
 D - a chunk of flesh


   Skills:
 + Level 7.1 Fighting
 * Level 10.4 Long Blades
 + Level 5.9 Armour
 + Level 5.8 Dodging
 - Level 1.5 Stealth
 + Level 3.7 Evocations


You had 8 spell levels left.
You didn't know any spells.
Your spell library was empty.

Dungeon Overview and Level Annotations

Branches:
Dungeon (8/15)             Temple (1/1) D:6            Lair (0/6) D:8

Altars:
Ashenzari
Cheibriados
Dithmenos
Elyvilon
Fedhas
Gozag
Hepliaklqana
Kikubaaqudgha
Makhleb
Nemelex Xobeh
Okawaru
Qazlal
Ru
Sif Muna
Trog
Uskayaw
Vehumet
Wu Jian
Xom
Yredelemnul
Zin
The Shining One

Shops:
D:4 ?


Innate Abilities, Weirdness & Mutations

You reflexively headbutt those who attack you in melee.
You have a pair of horns on your head.


Message History

A porcupine comes into view.
The orc priest closely misses you. You furiously retaliate!
You headbutt the orc priest, but do no damage.
The basilisk bites you but does no damage.
The yak gores you!
* * * LOW HITPOINT WARNING * * *
You spin and attack the basilisk repeatedly.
A yak comes into view.
The yak bellows!
You hit the basilisk.
The basilisk is lightly wounded.
You hit the basilisk.
The basilisk is lightly wounded.
You spin and attack the orc priest repeatedly.
You barely miss the orc priest. You hit the orc priest.
The orc priest is lightly wounded.
The crocodile bites the fungus!
The porcupine closely misses you.
The orc priest hits you but does no damage.
The basilisk bites you!
You die...

.P..P.Y.P...##
Pr♣.P..PP.P..#
..).P...P♣Y..#
..t[.s♣P.....#
.....P..P$P..#
.....tt♣..$..#
..P.PY.olr...###
.....sYo@.......
....PP.PP..#####
#.........##
###P....###
#######


You could see 4 yaks, a basilisk (pinned), 3 crocodiles, 2 scorpions, 2
porcupines, an orc priest (pinned) and an orc.

Vanquished Creatures
  Prince Ribbit (D:5)
  Sigmund (D:5)
  An orc warrior (D:6)
  3 sky beasts
  2 black bears (D:6)
  2 ogres
  4 centaurs
  A bullfrog (D:7)
  2 scorpions (D:5)
  5 wights (D:6)
  4 killer bees (D:6)
  A hound (D:5)
  An orc priest (D:6)
  A centaur skeleton (D:4)
  Jessica (D:2)
  An iguana (D:6)
  5 orc wizards
  2 worker ants
  A hound skeleton (D:7)
  4 gnolls
  8 adders
  A howler monkey skeleton (D:4)
  4 adder skeletons
  2 worms
  2 dart slugs (D:2)
  3 leopard geckos
  13 orcs
  5 ball pythons
  3 bats
  2 giant cockroaches (D:5)
  7 goblins
  7 hobgoblins
  14 jackals
  7 frilled lizards
  3 kobolds
  A leopard gecko zombie (D:6)
  A quokka skeleton (D:4)
  7 rats
133 creatures vanquished.

Notes
Turn   | Place    | Note
-------+----------+-------------------------------------------
     0 | D:1      | Calamarain the Minotaur Monk began the quest for the Orb.
     0 | D:1      | Reached XP level 1. HP: 19/19 MP: 0/0
   116 | D:1      | Reached skill level 4 in Long Blades
   194 | D:1      | Reached XP level 2. HP: 26/26 MP: 1/1
  1055 | D:2      | Reached skill level 5 in Long Blades
  1055 | D:2      | Reached XP level 3. HP: 26/31 MP: 2/2
  1081 | D:2      | Found a burning altar of Makhleb.
  1085 | D:2      | Found an ornate altar of the Wu Jian Council.
  1164 | D:2      | Became a worshipper of the Wu Jian Council
  1164 | D:2      | Reached * piety under Wu Jian
  1164 | D:2      | Reached ** piety under Wu Jian
  1213 | D:2      | Reached XP level 4. HP: 40/40 MP: 3/3
  1338 | D:2      | Noticed Jessica
  1343 | D:2      | Killed Jessica
  1343 | D:2      | Reached skill level 6 in Long Blades
  1343 | D:2      | Reached skill level 1 in Armour
  1459 | D:2      | Reached XP level 5. HP: 46/46 MP: 4/4
  1977 | D:3      | Found a radiant altar of Vehumet.
  2270 | D:4      | Reached skill level 7 in Long Blades
  2343 | D:4      | Found Jiplarcha's Magic Scroll Boutique.
  2352 | D:4      | Bought a scroll of remove curse for 33 gold pieces
  2352 | D:4      | Bought a scroll of identify for 22 gold pieces
  2352 | D:4      | Bought a scroll of teleportation for 33 gold pieces
  2352 | D:4      | Bought a scroll of magic mapping for 38 gold pieces
  2392 | D:4      | Noticed a hand axe
  2392 | D:4      | Noticed a dagger
  2393 | D:4      | Found a hide-covered altar of Uskayaw.
  2399 | D:4      | Reached *** piety under Wu Jian
  2550 | D:4      | Reached XP level 6. HP: 53/53 MP: 5/5
  2928 | D:5      | Entered Level 5 of the Dungeon
  2928 | D:5      | Noticed a sky beast
  2942 | D:4      | Killed a sky beast
  2949 | D:4      | Reached skill level 5 in Fighting
  3248 | D:5      | Noticed Sigmund
  3265 | D:5      | Killed Sigmund
  3265 | D:5      | Reached skill level 8 in Long Blades
  3265 | D:5      | Reached skill level 1 in Evocations
  3265 | D:5      | Reached XP level 7. HP: 44/61 MP: 6/6
  3823 | D:5      | Noticed Prince Ribbit
  3830 | D:5      | Killed Prince Ribbit
  3830 | D:5      | Reached XP level 8. HP: 47/70 MP: 8/8
  4095 | D:5      | Reached skill level 9 in Long Blades
  4502 | D:6      | Reached skill level 5 in Dodging
  4695 | D:6      | Reached skill level 5 in Armour
  4931 | D:6      | Found a hazy altar of Hepliaklqana.
  5012 | D:6      | Reached **** piety under Wu Jian
  5012 | D:6      | Reached skill level 10 in Long Blades
  5016 | D:6      | Reached XP level 9. HP: 53/78 MP: 10/10
  5508 | D:6      | Found a staircase to the Ecumenical Temple.
  5579 | Temple   | Entered the Ecumenical Temple
  5969 | D:8      | Found a staircase to the Lair.
  5972 | D:8      | Slain by a basilisk

Skill      XL: |  1  2  3  4  5  6  7  8  9 |
---------------+----------------------------+-----
Long Blades    | 4 5 6 7 8 10 | 10.4
Armour         | 1 2 3 4 5 |  5.9
Fighting       | 4 5 6 7 |  7.1
Evocations     | 1 2 3 |  3.7
Dodging        | 4 5 |  5.8
Stealth        | |  1.5

Action                   |  1- 3 |  4- 6 |  7- 9 || total
-------------------------+-------+-------+-------++-------
Melee: Falchion          |     5 |       |       ||     5
       Short sword       |    54 |   177 |   342 ||   573
       Headbutt          |     8 |    33 |    44 ||    85
Invok: Lunge             |     3 |    24 |    27 ||    54
       Wall Jump         |       |    17 |    14 ||    31
       Whirlwind         |       |    22 |    39 ||    61
       Serpent's Lash    |       |       |     1 ||     1
  Use: Scroll            |       |     6 |     2 ||     8
       Potion            |       |       |     2 ||     2
 Stab: Sleeping          |       |     4 |     1 ||     5
  Eat: Chunk             |     1 |     5 |    10 ||    16
Armor: Scale mail        |    18 |    40 |    58 ||   116
       Chain mail        |       |       |    24 ||    24
Dodge: Dodged            |    30 |    46 |   103 ||   179
       Rpst.: Falchion   |     2 |       |       ||     2
